 Dungeon Crawl Stone Soup version 0.24.0-41-g2ae2f7f1be (webtiles) character file.

Game seed: 6092997625739844992, levelgen mode: deterministic

6444 Iamsoldier the Slicer (level 10, -5/79 HPs)
             Began as a Demonspawn Assassin on Dec 13, 2019.
             Was a Believer of Dithmenos.
             Slain by a two-headed ogre
             ... wielding a +0 giant club
              (10 damage)
             ... on level 9 of the Dungeon.
             The game lasted 00:18:18 (10237 turns).

Iamsoldier the Slicer (Demonspawn Assassin)        Turns: 10237, Time: 00:18:19

Health: -5/79      AC:  8    Str: 12    XL:     10   Next: 67%
Magic:  12/12      EV: 16    Int: 13    God:    Dithmenos [**....]
Gold:   285        SH:  0    Dex: 17    Spells: 9/9 levels left

rFire    . . .     SeeInvis .   m - +4 dagger (venom)
rCold    . . .     Gourm    .   (no shield)
rNeg     . . .     Faith    .   y - +3 leather armour
rPois    .         Spirit   .   (helmet restricted)
rElec    .         Reflect  .   c - +0 cloak
rCorr    .         Harm     .   (no gloves)
MR       .....                  o - +0 pair of boots
Stlth    +++++.....             n - amulet of magic regeneration
HPRegen  0.23/turn              (no ring)
MPRegen  0.38/turn              (no ring)

@: very slightly contaminated, slowed, wreathed by umbra, very slow
A: horns 2, powered by pain 1
a: Shadow Step, Renounce Religion


You were on level 9 of the Dungeon.
You worshipped Dithmenos.
Dithmenos was pleased with you.
You were hungry.

You visited 1 branch of the dungeon, and saw 9 of its levels.

You collected 615 gold pieces.
You spent 330 gold pieces at shops.

Inventory:

Hand Weapons
 m - a +4 dagger of venom (weapon)
Missiles
 e - 8 curare-tipped darts
 f - 21 poisoned darts (quivered)
 i - 4 silver javelins
Armour
 c - a +0 cloak (worn)
 o - a +0 pair of boots (worn)
 y - a +3 leather armour (worn)
Jewellery
 n - an amulet of magic regeneration (around neck)
Wands
 g - a wand of enslavement (11)
 l - a wand of paralysis (2)
 r - a wand of digging (3)
 s - a wand of clouds (6)
 u - a wand of polymorph (10)
 C - a wand of scattershot (4)
 D - a wand of flame (43)
 F - a wand of disintegration (19)
Scrolls
 a - 5 scrolls of remove curse {unknown}
 b - a scroll of summoning {unknown}
 h - 7 scrolls of teleportation
 j - 3 scrolls of identify
 k - a scroll of enchant weapon
 t - 2 scrolls of magic mapping {unknown}
 v - 2 scrolls of amnesia {unknown}
 E - a scroll of fear {unknown}
 I - a scroll of brand weapon
Potions
 p - a potion of heal wounds
 q - a potion of flight
 w - 2 potions of degeneration {unknown}
 x - 2 potions of brilliance {unknown}
 z - 2 potions of curing {unknown}
 A - 2 potions of cancellation {unknown}
 B - a potion of agility {unknown}
Comestibles
 d - 13 rations


   Skills:
 + Level 7.4 Fighting
 * Level 9.6 Short Blades
 - Level 1.7 Throwing
 + Level 6.5 Dodging
 + Level 8.1 Stealth
 + Level 3.0 Invocations


You had 9 spell levels left.
You didn't know any spells.
Your spell library was empty.

Dungeon Overview and Level Annotations

Branches:
Dungeon (9/15)             Temple (0/1) D:6
   Lair: D:8-11         Orc: D:9-12

Altars:
Ashenzari
Cheibriados
Dithmenos
Fedhas
Gozag
Kikubaaqudgha
Makhleb
Nemelex Xobeh
Okawaru
Sif Muna
Wu Jian
Yredelemnul
The Shining One

Shops:
D:8 *


Innate Abilities, Weirdness & Mutations

You have a pair of horns on your head.
You sometimes gain a little power by taking damage.


Message History

* * * LOW HITPOINT WARNING * * *
The two-headed ogre misses you. The two-headed ogre closely misses you.
The two-headed ogre misses you.
You hit the two-headed ogre.
The two-headed ogre is poisoned.
The two-headed ogre is lightly wounded.
You hit the two-headed ogre.
The two-headed ogre looks as sick as possible!
Your headbutt misses the two-headed ogre.
The two-headed ogre is moderately wounded.
The two-headed ogre barely misses you. x2
You barely miss the two-headed ogre.
The two-headed ogre is moderately wounded.
You hit the two-headed ogre.
The two-headed ogre looks as sick as possible!
You headbutt the two-headed ogre.
The two-headed ogre is heavily wounded.
The two-headed ogre hits you with a +0 giant club!!
* * * LOW HITPOINT WARNING * * *
The two-headed ogre hits you with a +0 giant spiked club!
You die...

.......#.....................
.................###.####..##
.##....#...#.....###........##
.##........#..................
.##....#.#.......##...........
.##...>......##.............##
.##...<.....................#
.##.###.#.######O##...........
.)..............@.....###..###
..#..##.#.######..#..........
..# .##.#.####................
..# ##>...<................##
..# ###.##.###..##.......# ..#
.. #.........(....... ... ...
................... ..# .#.
#.#...##..#.#...##.. #
.......#........


You could see a two-headed ogre.

Vanquished Creatures
  Harold (D:7)
  Erica (D:9)
  Pikel (D:4)
  A deep elf mage (D:6)
  Joseph (D:7)
  A spriggan (D:7)
  Eustachio (D:5)
  A hungry ghost (D:8)
  A necrophage (D:6)
  3 sky beasts
  2 orc warriors
  An ice beast (D:5)
  A phantom (D:4)
  9 ogres
  A black bear (D:8)
  3 centaurs
  Blork the orc (D:5)
  3 bullfrogs
  A water moccasin zombie (D:6)
  A wyvern skeleton (D:7)
  2 scorpions
  A killer bee (D:7)
  A howler monkey (D:7)
  A crimson imp (D:6)
  A jelly (D:7)
  3 hounds
  A quasit (D:8)
  4 centaur skeletons
  4 orc priests
  3 iguanas
  8 orc wizards
  2 worker ants
  A howler monkey zombie (D:3)
  A howler monkey skeleton (D:7)
  12 gnolls
  12 adders
  2 shadow imps (D:6)
  2 adder skeletons
  5 worms
  3 dart slugs
  8 leopard geckos
  26 orcs
  13 giant cockroaches
  6 goblins
  9 hobgoblins
  6 jackals
  8 quokkas
  4 bats
  3 frilled lizards
  8 kobolds
  A quokka zombie (D:9)
  5 rats
201 creatures vanquished.

Vanquished Creatures (others)
  2 slaves (D:4)
  2 orc wizards (D:4)
  A hound skeleton (D:4)
  An adder (D:4)
  A dart slug (D:4)
  4 orcs (D:4)
  A quokka (D:4)
  A frilled lizard (D:4)
13 creatures vanquished.

Grand Total: 214 creatures vanquished

Notes
Turn   | Place    | Note
-------+----------+-------------------------------------------
     0 | D:1      | Iamsoldier the Demonspawn Assassin began the quest for the
                  | Orb.
     0 | D:1      | Reached XP level 1. HP: 16/16 MP: 1/1
   170 | D:1      | Reached skill level 1 in Dodging
   174 | D:1      | Reached skill level 2 in Short Blades
   198 | D:1      | Gained mutation: You have a pair of small horns on your
                  | head. [demonic ancestry]
   198 | D:1      | Reached XP level 2. HP: 20/22 MP: 2/2
   901 | D:2      | Reached XP level 3. HP: 13/28 MP: 3/3
  1983 | D:2      | Reached XP level 4. HP: 25/34 MP: 4/4
  2063 | D:2      | Found a basalt altar of Yredelemnul.
  2123 | D:2      | Found a faded altar of an unknown god.
  2147 | D:2      | Reached skill level 3 in Short Blades
  2701 | D:3      | Found a burning altar of Makhleb.
  2747 | D:3      | Gained mutation: You sometimes gain a little power by
                  | taking damage. [demonic ancestry]
  2747 | D:3      | Reached XP level 5. HP: 8/40 MP: 5/5
  3772 | D:4      | Noticed Pikel
  3772 | D:4      | Noticed a slave
  3773 | D:4      | Noticed a slave
  3773 | D:4      | Noticed a slave
  3774 | D:4      | Noticed a slave
  3793 | D:4      | Killed Pikel
  3793 | D:4      | Reached skill level 4 in Short Blades
  3793 | D:4      | Reached skill level 5 in Stealth
  3793 | D:4      | Reached XP level 6. HP: 10/48 MP: 6/6
  3793 | D:4      | Reached XP level 7. HP: 12/54 MP: 7/7
  4224 | D:4      | Reached skill level 5 in Short Blades
  4431 | D:4      | Found an ornate altar of the Wu Jian Council.
  4651 | D:5      | Entered Level 5 of the Dungeon
  4651 | D:5      | Noticed Eustachio
  4663 | D:5      | Killed Eustachio
  4735 | D:5      | Gained mutation: You have a pair of horns on your head.
                  | [demonic ancestry]
  4735 | D:5      | Reached XP level 8. HP: 61/61 MP: 8/8
  4762 | D:5      | Found an iron altar of Okawaru.
  4906 | D:5      | Found an ancient bone altar of Kikubaaqudgha.
  4908 | D:5      | Found a shattered altar of Ashenzari.
  4908 | D:5      | Found a shadowy altar of Dithmenos.
  4915 | D:5      | Became a worshipper of Dithmenos the Shadowed
  5083 | D:5      | Noticed Blork the orc
  5096 | D:5      | Killed Blork the orc
  5096 | D:5      | Reached skill level 6 in Short Blades
  5387 | D:5      | Reached skill level 5 in Fighting
  5566 | D:5      | Found a blossoming altar of Fedhas.
  5898 | D:4      | Found a snail-covered altar of Cheibriados.
  5898 | D:4      | Found a sparkling altar of Nemelex Xobeh.
  5988 | D:6      | Found a staircase to the Ecumenical Temple.
  6076 | D:6      | Reached * piety under Dithmenos
  6090 | D:6      | Reached skill level 7 in Short Blades
  6103 | D:6      | Reached XP level 9. HP: 17/68 MP: 9/9
  6714 | D:6      | Found a blossoming altar of Fedhas.
  7223 | D:6      | Noticed a deep elf mage
  7235 | D:6      | Killed a deep elf mage
  7235 | D:6      | Reached skill level 5 in Dodging
  7641 | D:6      | Reached skill level 8 in Short Blades
  7985 | D:7      | Found an opulent altar of Gozag.
  8149 | D:7      | Found a glowing golden altar of the Shining One.
  8177 | D:7      | Noticed Joseph
  8219 | D:7      | Killed Joseph
  8219 | D:7      | Reached XP level 10. HP: 25/77 MP: 10/10
  8515 | D:7      | Noticed Harold
  8519 | D:7      | Killed Harold
  8519 | D:7      | Reached skill level 9 in Short Blades
  9019 | D:7      | Reached skill level 1 in Invocations
  9254 | D:8      | Reached ** piety under Dithmenos
  9480 | D:8      | Found a shimmering blue altar of Sif Muna.
  9958 | D:8      | Found Iqazuduf's General Store.
  9967 | D:8      | Bought a scroll of blinking for 90 gold pieces
  9967 | D:8      | Bought a scroll of brand weapon for 240 gold pieces
 10191 | D:9      | Noticed Erica
 10192 | D:9      | Noticed a two-headed ogre
 10209 | D:9      | Killed Erica
 10222 | D:9      | HP: 2/79 [two-headed ogre/+0 giant club (4)]
 10237 | D:9      | Slain by a two-headed ogre

Levels and vault maps discovered:
D:1:      arrival_zaba_pyramid, layout_basic
D:2:      layout_basic, lemuel_doored_altar, chequers_ecumenical_altar_simple
D:3:      layout_basic, old_standard_altar, first_ration, serial_undead,
          serial_undead_f, serial_undead_a, serial_undead_f, serial_undead_e
D:4:      layout_basic, nicolae_overflow_hidden_temple, uniq_pikel
D:5:      layout_basic, gammafunk_temple_overflow_forgotten,
          lemuel_crystal_altar, minmay_strange_pillars, fedhas_altar_fruit_tree,
          uniq_eustachio, uniq_blork_the_orc
D:6:      layout_loops_ring, lemuel_crystal_altar, minmay_temple_entry_ruins,
          guppyfry_early_elven_hall
D:7:      layout_loops_cross, lemuel_crystal_altar, tso_metal_star, the_bakery,
          serial_bayou_pond_d, minmay_diced_spiral, uniq_harold, uniq_joseph
D:8:      layout_loops_corners, kennysheep_mini, serial_shops,
          nicolae_shop_stone, minmay_misc_feat_hallway, serial_park_tiny_pond,
          abandoned_shop, st_stairs_10
D:9:      layout_basic, nicolae_evil_shop, uniq_erica

Skill      XL: |  1  2  3  4  5  6  7  8  9 10 |
---------------+-------------------------------+-----
Dodging        | 1 2 3 4 5 6 |  6.5
Short Blades   | 2 3 4 5 7 8 9 |  9.6
Stealth        | 4 5 6 7 8 |  8.1
Fighting       | 4 5 6 7 |  7.4
Invocations    | 3 |  3.0
Throwing       | |  1.7

Action                   |  1- 3 |  4- 6 |  7- 9 | 10-12 || total
-------------------------+-------+-------+-------+-------++-------
Melee: Dagger            |   134 |   135 |   345 |   115 ||   729
       Headbutt          |    17 |    21 |    79 |    21 ||   138
Evoke: Wand              |       |     2 |     2 |       ||     4
  Use: Scroll            |       |     3 |     6 |     2 ||    11
       Potion            |       |     3 |       |     1 ||     4
 Stab: Sleeping          |    11 |     7 |    19 |     9 ||    46
       Paralysed         |       |     2 |     2 |       ||     4
       Distracted        |       |       |     1 |     2 ||     3
  Eat: Chunk             |     3 |     6 |    11 |     6 ||    26
       Ration            |       |       |     1 |       ||     1
Armor: Robe              |    29 |    31 |       |       ||    60
       Leather armour    |       |     2 |    56 |     9 ||    67
       Skin              |       |     2 |       |       ||     2
Dodge: Dodged            |    64 |    96 |   186 |    59 ||   405
